 Dungeon Crawl Stone Soup version 0.32-a0-871-ge202e49faa (webtiles) character file.

Game seed: 12943475443830139540

92396 jestert79 the Marksant (level 16, -6/117 HPs)
             Began as a Formicid Hunter on Mar 29, 2024.
             Was the Champion of Hepliaklqana.
             Mangled by a two-headed ogre
             ... wielding a +0 giant club
              (18 damage)
             ... on level 13 of the Dungeon.
             The game lasted 01:35:25 (23657 turns).

jestert79 the Marksant (Formicid Hunter)           Turns: 23657, Time: 01:35:26

Health: -6/117     AC:  9    Str: 17    XL:     16   Next: 53%
Magic:  23/23      EV: 19    Int: 22    God:    Hepliaklqana [******]
Gold:   618        SH: 11    Dex: 23    Spells: 16/25 levels left

rFire   . . .        O - +2 arbalest (drain)
rCold   . . .        c - +0 buckler
rNeg    . . .        y - +0 leather armour of Elyvilon's Scorn {Dex+2 SInv}
rPois   +            (helmet unavailable)
rElec   .            r - +1 cloak
rCorr   .            B - +1 pair of gloves
SInv    +            v - +1 pair of boots of the Oni {Slay+2}
Will    ++...        k - amulet of reflection
Stlth   ++           C - +6 ring of intelligence
HPRegen 0.39/turn    q - ring "Quoczuq" {rPois Will+ Int+4}
MPRegen 0.18/turn

%: reflection
@: no status effects
A: reduced essence, permanent stasis, dig shafts and tunnels, antennae 3, four
strong arms
a: Dig, Shaft Self, Renounce Religion, Recall Ancestor, Ancestor Identity,
Transference, Idealise


You were on level 13 of the Dungeon.
You worshipped Hepliaklqana.
Hepliaklqana was exalted by your worship.
You visited 3 branches of the dungeon, and saw 20 of its levels.
You also visited: Ossuary and Gauntlet.

You collected 1883 gold pieces.
You spent 1265 gold pieces at shops.

Inventory:

Hand Weapons
 O - a +2 arbalest of draining (weapon)
 U - the +8 pair of quick blades "Gyre" and "Gimble" {protect}
   (You found it in a Gauntlet)
Missiles
 l - 28 poisoned darts
 s - a throwing net
Armour
 c - a +0 buckler (worn)
 r - a +1 cloak (worn)
 v - the +1 pair of boots of the Oni (worn) {Slay+2}
   (You acquired it on level 7 of the Dungeon)

   Slay+2:    It affects your accuracy & damage with ranged weapons and melee
   (+2).
 y - the +0 leather armour of Elyvilon's Scorn (worn) {Dex+2 SInv}
   (You bought it in a shop on level 4 of the Dungeon)

   Dex+2:     It affects your dexterity (+2).
   SInv:      It lets you see invisible.
 B - a +1 pair of gloves (worn)
Jewellery
 a - a ring of fire
 k - an amulet of reflection (around neck)
 q - the ring "Quoczuq" (right hand) {rPois Will+ Int+4}
   (You found it in a Gauntlet)

   [ring of poison resistance]

   Int+4:     It affects your intelligence (+4).
   rPois:     It protects you from poison.
   Will+:     It increases your willpower.
 x - the amulet "Ifeop" {Spirit Harm Fly rC- Dex+4}
   (You found it on level 8 of the Dungeon)

   [amulet of guardian spirit]

   Spirit:    It causes incoming damage to be divided between your reserves of
   health and magic.
   Dex+4:     It affects your dexterity (+4).
   rC-:       It makes you vulnerable to cold.
   Fly:       It grants you flight.
   Harm:      It increases damage dealt and taken.
 A - a ring of magical power
 C - a +6 ring of intelligence (left hand)
 D - the ring "Mikkes" {Fly rC+ rN+ Will+ Stlth+}
   (You found it on level 9 of the Dungeon)

   [ring of protection from cold]

   rC+:       It protects you from cold.
   rN+:       It protects you from negative energy.
   Will+:     It increases your willpower.
   Fly:       It grants you flight.
   Stlth+:    It makes you more stealthy.
 E - a +6 ring of strength
 G - an amulet of the acrobat
 J - an amulet of regeneration
 Q - a ring of positive energy
 R - a +6 ring of strength
 T - a +5 ring of evasion
 V - a ring of willpower
 W - a ring of fire
 Z - the ring "Xizoll" {rF+ Dex+3}
   (You found it on level 2 of the Orcish Mines)

   [ring of protection from fire]

   Dex+3:     It affects your dexterity (+3).
   rF+:       It protects you from fire.
Wands
 n - a wand of warping (37)
 u - a wand of paralysis (13)
 F - a wand of flame (13)
 K - a wand of digging (8)
 L - a wand of mindburst (7)
Scrolls
 d - 3 scrolls of brand weapon
 f - 3 scrolls of amnesia
 i - 3 scrolls of butterflies
 j - 2 scrolls of immolation
 m - 2 scrolls of enchant armour
 z - 6 scrolls of enchant weapon
 M - a scroll of fog
 P - 6 scrolls of identify
 X - a scroll of revelation
Potions
 b - 2 potions of invisibility
 e - 2 potions of attraction
 g - 5 potions of brilliance
 h - 6 potions of might
 o - 3 potions of lignification
 p - 3 potions of heal wounds
 w - 7 potions of curing
 H - 5 potions of mutation
 I - 9 potions of cancellation
 Y - a potion of enlightenment
Miscellaneous
 t - a tin of tremorstones (2/2)
 N - a sack of spiders
 S - a phantom mirror (inert)


   Skills:
 - Level 13.6 Fighting
 + Level 17.1 Ranged Weapons
 - Level 11.5 Dodging
 - Level 1.2 Stealth
 - Level 5.0 Shields
 + Level 5.2 Spellcasting
 - Level 8.5 Conjurations
 - Level 12.0 Alchemy
 - Level 5.0 Evocations


You had 16 spell levels left.
You knew the following spells:

 Your Spells              Type           Power      Damage    Failure   Level
a - Dimensional Bullseye  Hex/Tloc       2%         N/A       83%         4
b - Irradiate             Conj/Alch      25%        3d20      6%          5

Your spell library contained the following spells:

 Spells                   Type           Power      Damage    Failure   Level
 Magic Dart               Conj           100%       1d8       1%          1
 Sting                    Conj/Alch      100%       1d9       1%          1
 Mercury Vapours          Alch/Air       64%        N/A       1%          2
 Searing Ray              Conj           86%        2d7       1%          2
 Olgreb's Toxic Radiance  Alch           56%        N/A       1%          4
 Shock                    Conj/Air       96%        1d9       2%          1
 Mephitic Cloud           Conj/Alch/Air  36%        N/A       2%          3
 Fulminant Prism          Conj/Alch      25%        3d14      2%          4
 Alistair's Intoxication  Alch           37%        N/A       3%          5
 Dazzling Flash           Conj/Hex       48%        N/A       8%          3
 Petrify                  Alch/Erth      32%        N/A       13%         4
 Iskenderun's Battlesphe  Conj           43%        2d9       13%         5
 Eringya's Noxious Bog    Alch           28%        4d6       17%         6
 Sublimation of Blood     Necr           5%         N/A       24%         2
 Iskenderun's Mystic Bla Conj/Tloc 24%            2d7        (+2d3     26%         4
 Call Canine Familiar     Summ           5%         N/A       43%         3
 Frozen Ramparts          Ice            10%        1d2       43%         3
 Ozocubu's Armour         Ice            5%         N/A       43%         3
 Sigil of Binding         Hex            5%         N/A       43%         3
 Teleport Other           Tloc           5%         N/A       43%         3
 Tukima's Dance           Hex            5%         N/A       43%         3
 Arcjolt                  Conj/Air       12%        1d22      58%         5
 Fireball                 Conj/Fire      12%        3d7       58%         5
 Summon Blazeheart Golem  Fire/Summ      5%         N/A       83%         4
 Orb of Destruction       Conj           21%        9d8       98%         7
 Borgnjor's Vile Clutch   Necr/Erth      2%         N/A       99%         5
 Curse of Agony           Necr           5%         N/A       99%         5
 Metabolic Englaciation   Hex/Ice        2%         N/A       99%         5
 Silence                  Hex/Air        2%         N/A       99%         5
 Summon Forest            Summ/Tloc      2%         N/A       99%         5
 Summon Mana Viper        Hex/Summ       5%         N/A       99%         5
 Dispersal                Tloc           2%         N/A       100%        6
 Gell's Gavotte           Tloc           2%         2d(12-18) 100%        6
 Summon Cactus Giant      Summ           2%         N/A       100%        6
 Malign Gateway           Summ/Tloc      2%         N/A       100%        7
 Maxwell's Capacitive Co  Air            2%         ∞         100%        8
 Summon Horrible Things   Summ           2%         N/A       100%        8
 Maxwell's Portable Pile  Tloc           Unusable   2d(6-11)  N/A         4

Dungeon Overview and Level Annotations

Branches:
Dungeon (13/15)            Temple (0/1) D:7            Lair (5/5) D:8
 Shoals (0/4) Lair:3        Snake (0/4) Lair:2        Slime (0/5) Lair:5
    Orc (2/2) D:11            Elf (0/3) Orc:2        Vaults (0/5) D:13
Ossuary (visited)         Gauntlet (visited)

Altars:
Dithmenos
Elyvilon
Fedhas
Hepliaklqana
Kikubaaqudgha
Makhleb
Nemelex Xobeh
Sif Muna
Uskayaw
Vehumet
Wu Jian
Xom
Zin
The Shining One
Beogh
Jiyva

Shops:
D:4 ?[*[[   D:7 ?   D:11 [   D:13 *   Orc:1 [   Orc:2 ***(

Annotations:
D:4 2 runed translucent doors, seawaffle's ghost, amateur MiBe
Lair:1 exclusion: oklob plant


Innate Abilities, Weirdness & Mutations

Your life essence is reduced to manifest your ancestor. (-10% HP)
You cannot be hasted, slowed, berserked, paralysed or teleported.
You can dig through walls and to a lower floor.
You have a pair of large antennae on your head. (SInv)
Your four strong arms can wield two-handed weapons with a shield.


Message History

You are too injured to fight recklessly!
Unknown command.
You shoot a bolt. The bolt hits the two-headed ogre.
You drain the two-headed ogre.
The two-headed ogre is severely wounded.
The two-headed ogre closely misses you. You block the two-headed ogre's attack.
You block the troll's attack. The troll claws you!
The troll claws you but does no damage.
Unknown command.
You shoot a bolt.
The bolt hits the deep elf zephyrmancer!!
The deep elf zephyrmancer is almost dead.
You block the deep elf zephyrmancer's attack.
You block the troll's attack. The troll barely misses you.
The troll completely misses you.
Unknown command.
You shoot a bolt.
The bolt hits the deep elf zephyrmancer!!
You kill the deep elf zephyrmancer!
You block the two-headed ogre's attack. The two-headed ogre barely misses you.
The arcanist casts a spell.
The arcanist seems to speed up.
You block the troll's attack. The troll misses you. The troll claws you!
* * * LOW HITPOINT WARNING * * *
Unknown command.
Unknown command.
Unknown command.
Unknown command.
You shoot a bolt. The bolt hits the two-headed ogre!
You drain the two-headed ogre.
The two-headed ogre is almost dead.
The orc knight hits you with a +0 long sword!
* * * LOW HITPOINT WARNING * * *
The troll closely misses you. The troll barely misses you.
The troll claws you but does no damage.
The two-headed ogre hits you with a +0 giant club!
* * * LOW HITPOINT WARNING * * *
The two-headed ogre hits you with a +0 giant spiked club!!
You die...
Hepliaklqana delivers you to your ancestors.

#.# #.........## ##.##
######.#### # #...# #..# ### #.
#...# ###+###### ..# #..,#...#
#.∩.....## ..########...#...#
#.#+.......## ..'.[....#.∩.'...#
#..........##
..########.o.#pT.####+#.)......##
..# #.. #.O@#....##........# ###
#e #.o.'....##.....†..# # #
#...############'#.. ## #..##
##.### .# #.## ##..# # '####
########.## #..##
....###.........#### #.##
....'.#............########'##
....#.#.........##....##.....#


You could see an orc knight, a two-headed ogre (drained), an arcanist (fast) and
a troll.

Vanquished Creatures
  Rupert (D:13)
  An orc warlord (Orc:2)
  A dire elephant (Lair:5)
  A minotaur (Gauntlet)
  2 hydras
  A boulder beetle (Lair:5)
  2 catoblepae
  2 centaur warriors
  A deep troll shaman (Lair:5)
  4 two-headed ogres
  13 death yaks
  A tengu warrior (D:13)
  5 orc high priests
  2 skysharks
  3 arcanists
  A deep elf pyromancer (D:10)
  A lindwurm (Lair:5)
  7 orc knights
  2 obsidian bats (Orc:2)
  An oklob plant (Lair:1)
  A deep elf zephyrmancer (D:13)
  4 orc sorcerers (Orc:2)
  A salamander (Lair:2)
  A wolf spider (D:13)
  3 elephants (Lair:5)
  3 black mambas
  5 kobold blastminers
  A gargoyle (D:13)
  14 cane toads
  7 komodo dragons
  3 rime drakes
  4 trolls
  2 hornets
  4 polar bears
  A snapping turtle (Lair:3)
  16 dream sheep
  16 blink frogs
  A glass eye (D:10)
  2 shadows
  2 wraiths
  6 wyverns
  2 vampires
  Grum (D:8)
  3 fire bats (Gauntlet)
  3 wargs (Orc:2)
  24 yaks
  A basilisk (Lair:4)
  6 vampire mosquitoes
  16 water moccasins
  5 acid dragons
  2 hell hounds (Gauntlet)
  A sky beast (D:7)
  40 orc warriors
  4 black bears
  9 ogres
  4 boggarts (Lair:2)
  16 wolves
  11 centaurs
  9 bullfrogs
  2 scorpions (D:7)
  2 water moccasin zombies (Ossuary)
  2 gnoll sergeants (D:10)
  5 wights
  A burial acolyte (Ossuary)
  10 killer bees (D:9)
  A howler monkey (D:11)
  A bombardier beetle (D:7)
  3 lava snakes (Lair:2)
  A hound (D:4)
  23 orc priests
  A sleepcap (D:7)
  2 hexers
  29 orc wizards
  Ijyb (D:3)
  3 hell rats (Lair:4)
  A crocodile zombie (Ossuary)
  A mummy (Ossuary)
  4 gnolls (D:10)
  10 adders
  3 shadow imps (Gauntlet)
  3 white imps
  An adder zombie (Ossuary)
  5 dart slugs
  2 ribbon worms (D:2)
  92 orcs
  4 bats
  7 endoplasms
  2 giant cockroaches
  6 gnoll zombies (Ossuary)
  5 hobgoblins
  2 jackals (D:3)
  A quokka (D:1)
  5 ball pythons
  2 frilled lizards (D:1)
  4 goblins
  A goblin zombie (D:7)
  5 kobolds
  2 orc zombies (Ossuary)
  A quokka zombie (D:7)
  5 rats
567 creatures vanquished.

Vanquished Creatures (collateral kills)
  A hydra (Lair:2)
  A centaur warrior (D:13)
  A boulder beetle (Lair:1)
  A death yak (Lair:1)
  2 two-headed ogres
  An orc high priest (Orc:2)
  A fire crab (Gauntlet)
  An orc knight (Orc:1)
  An ugly thing (D:9)
  Maurice (D:7)
  2 elephants (Lair:5)
  3 kobold blastminers (Orc:2)
  An ice statue (Gauntlet)
  A black mamba (Lair:3)
  A gargoyle (D:10)
  3 cane toads
  An efreet (D:11)
  Jeremiah (D:8)
  3 komodo dragons
  Grinder (D:4)
  3 blink frogs (Lair:1)
  3 trolls
  7 dream sheep
  Sigmund (D:5)
  A wraith (D:9)
  A wyvern (D:8)
  18 yaks
  A water elemental (Lair:3)
  5 basilisks
  A warg (D:11)
  A fire bat (Gauntlet)
  A vampire mosquito (D:9)
  2 steam dragons (D:7)
  7 water moccasins
  A swamp drake (D:11)
  An ice beast (D:6)
  3 orc warriors (Orc:2)
  A black bear (D:6)
  5 wolves
  4 ogres
  A phantom (D:4)
  A gnoll sergeant (D:10)
  4 bullfrogs
  A scorpion (D:8)
  3 water moccasin zombies (Ossuary)
  4 wights
  6 killer bees (D:9)
  A howler monkey (D:5)
  A bombardier beetle (D:4)
  A lava snake (Lair:2)
  8 orc priests
  2 spectral scorpions (Ossuary)
  A hound (D:6)
  2 jellies
  2 iguanas
  7 orc wizards
  2 hell rats (Lair:4)
  A mummy (Ossuary)
  2 adders
  A gnoll (D:10)
  2 white imps (D:7)
  A ribbon worm (D:5)
  23 orcs
  An endoplasm (D:2)
  3 gnoll zombies (Ossuary)
  A hobgoblin (D:3)
  A ball python (D:3)
  3 jackal zombies (Ossuary)
  A kobold (D:4)
  2 orc zombies (Ossuary)
184 creatures vanquished.

Vanquished Creatures (others)
  An orc wizard (Orc:2)
  23 hexers
  An ancestor (D:3)
  2 orcs (Orc:2)
27 creatures vanquished.

Grand Total: 778 creatures vanquished

Notes
Turn   | Place    | Note
-------+----------+-------------------------------------------
     0 | D:1      | jestert79 the Formicid Hunter began the quest for the Orb.
     0 | D:1      | Reached XP level 1. HP: 16/16 MP: 1/1
    57 | D:1      | Reached XP level 2. HP: 22/22 MP: 2/2
   377 | D:1      | Reached XP level 3. HP: 27/27 MP: 3/3
   720 | D:2      | Reached skill level 5 in Ranged Weapons
   862 | D:2      | Reached XP level 4. HP: 33/33 MP: 4/4
   918 | D:2      | Identified the +9 whip of Edghu {heavy, *Noise Dex+4}
   960 | D:2      | Found a faded altar of an unknown god.
   984 | D:2      | Prayed at the altar of an unknown god.
   984 | D:2      | Became a worshipper of Hepliaklqana the Forgotten
   984 | D:2      | Reached * piety under Hepliaklqana
  1654 | D:3      | Noticed Ijyb
  1668 | D:3      | Killed Ijyb
  1669 | D:3      | Reached skill level 6 in Ranged Weapons
  1669 | D:3      | Reached XP level 5. HP: 34/34 MP: 5/5
  2028 | D:3      | Found an ancient bone altar of Kikubaaqudgha.
  2119 | D:3      | Reached ** piety under Hepliaklqana
  2124 | D:3      | Remembered your ancestor Didij as a hexer
  2197 | D:4      | Reached XP level 6. HP: 39/39 MP: 6/6
  2205 | D:4      | Reached skill level 7 in Ranged Weapons
  2230 | D:4      | Found Imuiq's Magic Scroll Boutique.
  2236 | D:4      | Bought a scroll of identify for 22 gold pieces
  2236 | D:4      | Bought a scroll of identify for 22 gold pieces
  2236 | D:4      | Bought a scroll of enchant weapon for 82 gold pieces
  2244 | D:4      | Found Finah's Armour Boutique.
  2449 | D:4      | Reached XP level 7. HP: 39/45 MP: 7/7
  2528 | D:4      | Reached skill level 8 in Ranged Weapons
  2635 | D:4      | Found Xuyhetz's Assorted Antiques.
  2638 | D:4      | Bought a scroll of identify for 44 gold pieces
  2648 | D:4      | Found a large runed translucent door.
  2650 | D:4      | Found a large runed translucent door.
  2652 | D:4      | Noticed seawaffle's ghost (amateur MiBe)
  2664 | D:4      | Found Aqany's Armour Shop.
  2668 | D:4      | Found a blossoming altar of Fedhas.
  2685 | D:4      | Noticed Grinder
  2702 | D:4      | Killed Grinder
  2703 | D:4      | Reached skill level 9 in Ranged Weapons
  2732 | D:4      | Found Tusofer's Antique Armour Shop.
  2868 | D:4      | Found a glowing golden altar of the Shining One.
  2868 | D:4      | Found a glowing silver altar of Zin.
  2869 | D:4      | Found a white marble altar of Elyvilon.
  3025 | D:4      | Bought a +0 pair of gloves for 45 gold pieces
  3125 | D:5      | Entered Level 5 of the Dungeon
  3135 | D:5      | Reached XP level 8. HP: 51/51 MP: 8/8
  3143 | D:5      | Noticed Sigmund
  3151 | D:5      | Killed Sigmund
  3824 | D:6      | Reached *** piety under Hepliaklqana
  4027 | D:6      | Reached XP level 9. HP: 58/59 MP: 9/9
  4325 | D:6      | Reached skill level 5 in Fighting
  4325 | D:6      | Reached skill level 10 in Ranged Weapons
  4732 | D:7      | Found a sand-covered staircase.
  4745 | Ossuary  | Entered an ossuary
  4973 | D:7      | Found a staircase to the Ecumenical Temple.
  5061 | D:7      | Reached skill level 5 in Dodging
  5093 | D:7      | Noticed Maurice
  5097 | D:7      | Maurice stole a ring of magical power
  5099 | D:7      | Killed Maurice
  5254 | D:6      | Learned a level 4 spell: Dimensional Bullseye
  5282 | D:7      | Found a shimmering altar of Xom.
  5321 | D:7      | Reached XP level 10. HP: 69/69 MP: 10/10
  5383 | D:7      | Reached skill level 11 in Ranged Weapons
  5474 | D:7      | Found a sparkling altar of Nemelex Xobeh.
  5787 | D:7      | Reached **** piety under Hepliaklqana
  5856 | D:7      | Found Wodil's Magic Scroll Shop.
  6024 | D:8      | Noticed Grum
  6041 | D:8      | Killed Grum
  6209 | D:8      | Identified the amulet "Ifeop" {Spirit Harm Fly rC- Dex+4}
  6343 | D:8      | Noticed a komodo dragon
  6356 | D:8      | Killed a komodo dragon
  6357 | D:8      | Reached skill level 12 in Ranged Weapons
  6541 | D:4      | Bought a pitted leather armour for 182 gold pieces
  6541 | D:4      | Identified the +0 leather armour of Elyvilon's Scorn {Dex+2
                  | SInv} (You bought it in a shop on level 4 of the Dungeon)
  6837 | D:8      | Noticed Jeremiah
  6973 | D:8      | Killed Jeremiah
  6993 | D:8      | Reached XP level 11. HP: 59/78 MP: 11/11
  7051 | D:8      | Found a staircase to the Lair.
  7253 | D:8      | Noticed a two-headed ogre
  7259 | D:8      | Killed a two-headed ogre
  7479 | D:9      | Noticed a two-headed ogre
  7489 | D:9      | Killed a two-headed ogre
  7693 | D:4      | Bought a +0 buckler for 45 gold pieces
  7893 | D:8      | Reached skill level 1 in Shields
  7952 | D:9      | Reached skill level 1 in Evocations
  8115 | D:9      | Found a hide-covered altar of Uskayaw.
  8344 | D:9      | Found a burning altar of Makhleb.
  8487 | D:9      | Found a shimmering blue altar of Sif Muna.
  8608 | D:9      | Noticed a cyan ugly thing
  8612 | D:9      | Noticed a centaur warrior
  8620 | D:9      | Killed a cyan ugly thing
  8893 | D:9      | Killed a centaur warrior
  8971 | D:9      | Reached skill level 13 in Ranged Weapons
  8991 | D:9      | Identified the +2 flail of Plog {freeze, Dex+3}
  9073 | D:9      | Identified the ring "Mikkes" {Fly rC+ rN+ Will+ Stlth+}
  9165 | D:10     | Entered Level 10 of the Dungeon
  9185 | D:10     | Noticed a two-headed ogre
  9196 | D:10     | Killed a two-headed ogre
  9271 | D:10     | Identified the +8 falchion of Xechyga {freeze, Dex+2 SInv
                  | Stlth+}
  9279 | D:10     | Found a radiant altar of Vehumet.
  9314 | D:10     | Reached XP level 12. HP: 58/87 MP: 12/12
  9687 | D:10     | Reached skill level 10 in Fighting
  9879 | D:10     | Reached skill level 5 in Shields
 10477 | D:11     | Reached ***** piety under Hepliaklqana
 10648 | D:11     | Found Iprenot's Antique Armour Emporium.
 10684 | D:11     | Reached skill level 5 in Evocations
 10844 | D:11     | Found a staircase to the Orcish Mines.
 11141 | D:11     | Found a shadowy altar of Dithmenos.
 11397 | Orc:1    | Entered Level 1 of the Orcish Mines
 11553 | Lair:1   | Entered Level 1 of the Lair of Beasts
 12008 | Lair:1   | Noticed a boulder beetle
 12017 | Lair:1   | Killed a boulder beetle
 12032 | Lair:1   | Found an ornate altar of the Wu Jian Council.
 12032 | Lair:1   | Found a hide-covered altar of Uskayaw.
 12060 | Lair:1   | Reached skill level 14 in Ranged Weapons
 12060 | Lair:1   | Reached XP level 13. HP: 95/95 MP: 13/13
 12420 | Lair:1   | Reached skill level 10 in Dodging
 12691 | Lair:1   | Learned a level 5 spell: Irradiate
 12719 | Lair:2   | Noticed a catoblepas
 12760 | Lair:2   | Killed a catoblepas
 12846 | Lair:2   | Identified the +6 quarterstaff "Undertaker" {elec, rF+
                  | Will+ Int+2}
 13313 | Lair:2   | Reached skill level 1 in Alchemy
 13351 | Lair:2   | Identified the +5 ring mail of the King of the Hill
                  | {Slay+3}
 13370 | Lair:2   | Reached skill level 1 in Spellcasting
 13375 | Lair:2   | Reached skill level 1 in Conjurations
 13398 | Lair:2   | Noticed a six-headed hydra
 13405 | Lair:2   | Killed a six-headed hydra
 13652 | Lair:2   | Found a staircase to the Snake Pit.
 13924 | Lair:2   | Noticed a four-headed hydra
 13930 | Lair:2   | Killed a four-headed hydra
 14085 | Lair:3   | Reached XP level 14. HP: 100/104 MP: 17/17
 14201 | Lair:3   | Reached skill level 15 in Ranged Weapons
 15002 | Lair:3   | Found a staircase to the Shoals.
 15421 | Lair:4   | Found a gate leading to a gauntlet.
 15429 | Gauntlet | Entered a Gauntlet
 15429 | Gauntlet | Found a large runed translucent door.
 15429 | Gauntlet | Found a large runed translucent door.
 15429 | Gauntlet | Found a large runed translucent door.
 15429 | Gauntlet | Found a large runed translucent door.
 15429 | Gauntlet | Found a large runed translucent door.
 15429 | Gauntlet | Found a large runed translucent door.
 15429 | Gauntlet | Found a large runed translucent door.
 15429 | Gauntlet | Found a large runed translucent door.
 15429 | Gauntlet | Found a runed translucent door.
 15429 | Gauntlet | Found a runed translucent gate.
 15429 | Gauntlet | Found a transporter.
 15429 | Gauntlet | Found a transporter.
 15429 | Gauntlet | Found a runed translucent gate.
 15429 | Gauntlet | Found a transporter.
 15430 | Gauntlet | Found a transporter.
 15433 | Gauntlet | Found a transporter.
 15433 | Gauntlet | Found a transporter.
 15434 | Gauntlet | Found a runed translucent gate.
 15434 | Gauntlet | Found a runed translucent door.
 15438 | Gauntlet | Found a large runed translucent door.
 15438 | Gauntlet | Found a large runed translucent door.
 15445 | Gauntlet | Found a transporter.
 15447 | Gauntlet | Found a transporter.
 15459 | Gauntlet | Found a transporter.
 15465 | Gauntlet | Found a transporter.
 15482 | Gauntlet | Found a transporter.
 15486 | Gauntlet | Found a transporter.
 15531 | Gauntlet | Found a large runed translucent door.
 15531 | Gauntlet | Found a large runed translucent door.
 15532 | Gauntlet | Found a large runed translucent door.
 15532 | Gauntlet | Found a large runed translucent door.
 15533 | Gauntlet | Found a large runed translucent door.
 15533 | Gauntlet | Found a large runed translucent door.
 16002 | Gauntlet | Reached skill level 5 in Alchemy
 16343 | Gauntlet | Identified the ring "Quoczuq" {rPois Will+ Int+4}
 16358 | Gauntlet | Found the +8 pair of quick blades "Gyre" and "Gimble"
                  | {protect}
 16358 | Gauntlet | Noticed a minotaur
 16372 | Gauntlet | Killed a minotaur
 16379 | Gauntlet | Identified the +0 quarterstaff "Bedil Soq" {freeze,
                  | ^Fragile Str+3 Int+4 Dex+3}
 16380 | Gauntlet | Got the Tome of Conjuration and Accelerants
 16380 | Gauntlet | Got Lovygys's Octavo of Momentum
 17491 | Lair:5   | Entered Level 5 of the Lair of Beasts
 17491 | Lair:5   | Reached ****** piety under Hepliaklqana
 17544 | Lair:5   | Found a dark tunnel.
 17706 | Lair:5   | Reached XP level 15. HP: 111/111 MP: 20/20
 17899 | D:7      | Bought a scroll of acquirement for 624 gold pieces
 17899 | D:7      | Acquired the +1 pair of boots of the Oni {Slay+2}
 18082 | Lair:5   | Reached skill level 5 in Conjurations
 18300 | Lair:5   | Found a viscous altar of Jiyva.
 18303 | Lair:5   | Found a staircase to the Slime Pits.
 18389 | Lair:5   | Reached skill level 16 in Ranged Weapons
 19434 | D:11     | Reached skill level 10 in Alchemy
 19975 | Orc:1    | Found a roughly hewn altar of Beogh.
 20170 | Orc:1    | Found Vaxtig's Antique Armour Boutique.
 20290 | Orc:1    | Bought a pair of glowing gloves for 172 gold pieces
 20420 | Orc:2    | Entered Level 2 of the Orcish Mines
 20760 | Orc:2    | Found Junkaequ's Assorted Antiques.
 20780 | Orc:2    | Found a roughly hewn altar of Beogh.
 20972 | Orc:2    | Found Exuxtoe's General Store.
 20989 | Orc:2    | Reached XP level 16. HP: 78/117 MP: 21/21
 21476 | Orc:2    | Found Edol's Assorted Antiques.
 21484 | Orc:2    | Bought a glowing red potion for 27 gold pieces
 21693 | Orc:2    | Found Wehiodghi's Antique Weapon Emporium.
 21718 | Orc:2    | Found a roughly hewn altar of Beogh.
 22015 | Orc:2    | Identified the ring "Xizoll" {rF+ Dex+3}
 22071 | Orc:2    | Found a staircase to the Elven Halls.
 23154 | D:13     | Noticed Rupert
 23170 | D:13     | Killed Rupert
 23349 | D:13     | Found Qood's Mayhem Merchandise.
 23407 | D:13     | Reached skill level 17 in Ranged Weapons
 23558 | D:13     | Reached skill level 5 in Spellcasting
 23647 | D:13     | Found a gate to the Vaults.
 23657 | D:13     | Mangled by a two-headed ogre

Illustrated notes

Levels and vault maps discovered:
D:1:      dpeg_arrival_radiant, layout_loops_ring, serial_glass,
          glass_columns_b, glass_columns_b, glass_columns_a, glass_columns_b,
          minmay_bisected
D:2:      layout_basic, basic_ecumenical_altar, interstate_on_off
D:3:      layout_rooms, kiku_gazebo_pond_becter, uniq_ijyb
D:4:      layout_basic, good_gods_temple_1, mainiacjoe_overflow_alcove_2,
          serial_shops, shop_statue, shop_statue, shop, kennysheep_mini,
          shop_fountains, ebering_ghost_disaster_area, st_stairs_2,
          grunt_ministairs_1, uniq_grinder
D:5:      minmay_spotlight, layout_gridville, uniq_sigmund
D:6:      layout_loops_ring
D:7:      cheibrodos_steamvent, layout_loops_corners,
          mainiacjoe_overflow_concentric_impassable, kennysheep_little_box,
          minmay_temple_entry_offerings, enter_ossuary_4, serial_shops,
          nicolae_shop_tiny_waterfront, minmay_holes, nrook_mini_backslash,
          uniq_maurice
D:8:      layout_basic, due_lair_maze_entry_diamond, grunt_ministairs_2,
          uniq_jeremiah, uniq_grum
D:9:      layout_long_grid, lemuel_coloured_pillars_altar, lemuel_round_altar,
          old_standard_altar, minmay_diamond_spiral
D:10:     layout_irregular_city, nicolae_vehumet_altar_sigil, onia_ninara_cookie
D:11:     layout_loops_ring, erik_orc_1, serial_shops, shop,
          nicolae_dithmenos_through_a_glass_darkly
D:12:     minmay_klotski, layout_loops_ring
D:13:     layout_roguey, david_vaults_1, minmay_shop_mayhem, uniq_rupert
Lair:1:   layout_hall_layers, nzn_masters_of_martial_movement,
          lemuel_fruit_fields
Lair:2:   layout_hall_layers, nicolae_snake_entry_warm_welcome,
          kilobyte_rumbling_trees, grunt_megastairs_5
Lair:3:   layout_chaotic_city, minmay_shoals_entry_hut,
          pdpol_lair_neglected_garden, hangedman_lair_generics_rect
Lair:4:   layout_roguey, gauntlet_entry_generic, beast_lair_carwin_3
Lair:5:   grunt_lair_end_beastmaster, layout_regular_city, slime_entry_1,
          lightli_volcano_entry_magma_tube
Orc:1:    layout_caves, basic_altar, guppyfry_orc_lava_fort
Orc:2:    pubby_orc_utopia

Skill      XL: |  1  2  3  4  5  6  7  8  9 10 11 12 13 14 15 16 |
---------------+-------------------------------------------------+-----
Ranged Weapons | 5 6 7 9 10 12 13 14 15 16 17 | 17.1
Fighting       | 4 6 8 9 11 12 13 | 13.6
Dodging        | 3 5 6 8 9 10 11 | 11.5
Shields        | 4 5 |  5.0
Evocations     | 3 5 |  5.0
Alchemy        | 2 6 11 12 | 12.0
Spellcasting   | 2 3 5 |  5.2
Conjurations   | 1 4 7 8 |  8.5
Stealth        | |  1.2

Action                     |  1- 3 |  4- 6 |  7- 9 | 10-12 | 13-15 | 16-18 || total
---------------------------+-------+-------+-------+-------+-------+-------++-------
  Melee: Whip              |       |     5 |     9 |       |       |       ||    14
   Fire: Shortbow          |    63 |   151 |   139 |       |       |       ||   353
         Orcbow            |       |       |    95 |   571 |   889 |       ||  1555
         Arbalest          |       |       |       |       |   202 |   268 ||   470
   Cast: Irradiate         |       |       |       |       |     1 |       ||     1
 Invoke: Ancestor Life: He |       |     1 |       |       |       |       ||     1
         Recall Ancestor   |       |       |       |     1 |     7 |     1 ||     9
  Evoke: Wand              |       |       |     1 |       |    12 |       ||    13
         Phantom mirror    |       |       |       |       |       |     1 ||     1
    Use: Scroll            |       |     4 |    14 |     1 |     4 |     2 ||    25
         Potion            |       |       |       |     1 |     3 |       ||     4
 Armour: Leather armour    |    20 |    19 |    40 |    54 |   160 |    33 ||   326
  Dodge: Dodged            |     8 |    18 |    34 |    65 |   252 |    61 ||   438
  Block: Other             |       |       |       |     5 |       |       ||     5
         Buckler           |       |       |       |    31 |   184 |    52 ||   267
         Reflection        |       |       |       |     9 |     6 |     6 ||    21

Table legend: (Time is in decaauts)
 A = Elapsed time spent in this place.
 B = Non-inter-level travel time spent in this place.
 C = Inter-level travel time spent in this place.
 D = Time resting spent in this place.
 E = Time spent auto-exploring this place.
 F = Levels seen in this place.
 G = Mean time per level.
                   A        B        C        D        E       F      G
               +--------+--------+--------+--------+--------+-----+--------+
         Total |  23560 |  21568 |   1992 |   4852 |   9892 |  22 | 1070.9 |
       Dungeon |  13339 |  11871 |   1468 |   2635 |   6573 |  13 | 1026.1 |
          Lair |   6374 |   5918 |    456 |   1310 |   2221 |   5 | 1274.8 |
  Orcish Mines |   2667 |   2600 |     67 |    356 |    970 |   2 | 1333.5 |
       Ossuary |    219 |    219 |      0 |     55 |      0 |   1 |  219.0 |
      Gauntlet |    958 |    958 |      0 |    494 |    128 |   1 |  958.0 |
               +--------+--------+--------+--------+--------+-----+--------+

Top non-repeatable levels by time:
   Orc:2: 2016 daAuts
     D:8: 1689 daAuts
    D:11: 1607 daAuts
  Lair:5: 1482 daAuts
  Lair:1: 1369 daAuts
  Lair:3: 1312 daAuts
     D:9: 1309 daAuts
     D:7: 1200 daAuts
     D:4: 1166 daAuts
  Lair:4: 1156 daAuts
    D:10: 1132 daAuts
  Lair:2: 1053 daAuts
     D:6: 1018 daAuts
Gauntlet: 958 daAuts
     D:5: 798 daAuts
